 Dungeon Crawl Stone Soup version 0.23-a0-435-g79ed067 (webtiles) character file.

122 galech the Covered (level 4, -4/35 HPs)
             Began as a Demonspawn Fighter on Nov 15, 2018.
             Slain by a gnoll
             ... wielding a +0 spear
              (7 damage)
             ... on level 3 of the Dungeon.
             The game lasted 00:02:30 (2751 turns).

galech the Covered (Demonspawn Fighter)             Turns: 2751, Time: 00:02:31

Health: -4/35      AC:  9    Str: 21    XL:     4   Next: 78%
Magic:  4/4        EV:  7    Int:  9    God:
Gold:   74         SH:  9    Dex: 14    Spells: 3/3 levels left

rFire    . . .     SeeInvis .   a - +0 war axe
rCold    . . .     Gourm    .   c - +0 shield
rNeg     . . .     Faith    .   b - +0 scale mail
rPois    .         Spirit   .   (helmet restricted)
rElec    .         Reflect  .   (no cloak)
rCorr    .         Harm     .   (no gloves)
MR       .....                  (no boots)
Stlth    ..........             k - amulet of inaccuracy (curse)
HPRegen  0.11/turn              m - +3 ring of protection
MPRegen  0.09/turn              (no ring)

@: mighty
A: antennae 1
a: no special abilities


You were on level 3 of the Dungeon.
You were not hungry.

You visited 1 branch of the dungeon, and saw 3 of its levels.

You collected 74 gold pieces.

Inventory:

Hand Weapons
 a - a +0 war axe (weapon)
Armour
 b - a +0 scale mail (worn)
 c - a +0 shield (worn)
Jewellery
 k - a cursed amulet of inaccuracy (around neck)
 m - a +3 ring of protection (left hand)
Scrolls
 e - 2 scrolls of random uselessness
 i - 2 scrolls of teleportation
Potions
 g - a potion of resistance {unknown}
 h - a potion of curing {unknown}
 j - a potion of ambrosia {unknown}
Comestibles
 f - 5 rations
 l - 4 chunks of flesh


   Skills:
 + Level 3.4 Fighting
 + Level 2.8 Axes
 + Level 3.5 Armour
 + Level 0.6 Dodging
 + Level 0.3 Stealth
 + Level 3.3 Shields


You had 3 spell levels left.
You didn't know any spells.
Your spell library was empty.

Dungeon Overview and Level Annotations

Branches:
Dungeon (3/15)

Altars:
Gozag
Hepliaklqana
Kikubaaqudgha
Zin


Innate Abilities, Weirdness & Mutations

You have a pair of small antennae on your head.


Message History

The howler monkey hits you. The gnoll barely misses you.
You block the howler monkey's attack. You block the gnoll's attack.
You slash the howler monkey!
You kill the howler monkey!
You block the gnoll's attack. The gnoll hits you with a +0 spear.
Things that are here:
a +0 short sword; a howler monkey corpse You completely miss the gnoll.
The gnoll hits you with a +0 spear!
* * * LOW HITPOINT WARNING * * *
The gnoll hits you but does no damage.
Your shield prevents you from hitting the gnoll.
The gnoll hits you but does no damage. You block the gnoll's attack.
You miss the gnoll. The gnoll hits you but does no damage.
You barely miss the gnoll. The gnoll hits you with a +0 spear.
* * * LOW HITPOINT WARNING * * *
You slash the gnoll!
The gnoll is almost dead.
The gnoll hits you with a +0 spear!
You die...

.. ?.....# .# ......# ..
......# #. ......#
############# #.#......#
............# .S......#
......(.....# #.......#
............######Sg.....#
................@ggw......
.)..........#######..#####
............# #.#
............# ..#
............# #.#
............# ..
.############ #.# .# .#


You could see a worm, 3 gnolls and a ball python.

Vanquished Creatures
  A howler monkey (D:3)
  An adder (D:2)
  2 oozes
  A worm (D:2)
  2 dart slugs
  2 leopard geckos
  An orc (D:3)
  3 ball pythons
  2 giant cockroaches
  7 hobgoblins
  4 jackals (D:2)
  4 kobolds
  2 quokkas
  5 bats
  2 frilled lizards (D:1)
  9 goblins
  6 rats
54 creatures vanquished.

Notes
Turn   | Place    | Note
-------+----------+-------------------------------------------
     0 | D:1      | galech the Demonspawn Fighter began the quest for the Orb.
     0 | D:1      | Reached XP level 1. HP: 18/18 MP: 1/1
    35 | D:1      | Gained mutation: You have a pair of small antennae on your
                  | head. [demonic ancestry]
    35 | D:1      | Reached XP level 2. HP: 21/24 MP: 2/2
  1113 | D:2      | Reached XP level 3. HP: 12/29 MP: 3/3
  1287 | D:2      | Found an ancient bone altar of Kikubaaqudgha.
  1811 | D:2      | Found a hazy altar of Hepliaklqana.
  2052 | D:2      | Found a glowing silver altar of Zin.
  2053 | D:2      | Found an opulent altar of Gozag.
  2273 | D:2      | Reached XP level 4. HP: 35/35 MP: 4/4
  2751 | D:3      | Slain by a gnoll

Vault maps used:
D:1:      dpeg_arrival_central
D:2:      grunt_temple_overflow_gold_and_silver, old_standard_altar,
          lemuel_round_altar, minmay_tripent
D:3:      lemuel_crystal_altar

Skill      XL: |  1  2 |
---------------+-------+-----
Armour         | 3 |  3.5
Axes           | 2 |  2.8
Shields        | 3 |  3.3
Fighting       | |  3.4
Dodging        | |  0.6
Stealth        | |  0.3

Action                   |  1- 3 |  4- 6 || total
-------------------------+-------+-------++-------
Melee: War axe           |   145 |    57 ||   202
  Use: Scroll            |     3 |       ||     3
       Potion            |       |     1 ||     1
  Eat: Chunk             |     4 |     2 ||     6
Armor: Scale mail        |    35 |    33 ||    68
       Leather armour    |     4 |       ||     4
Dodge: Dodged            |    42 |    25 ||    67
Block: Shield            |    92 |    36 ||   128

Table legend:
 A = Non-vault XP
 B = Vault XP
 C = Vault XP percentage of total XP
 D = Non-vault monster count
 E = Vault monster count
 F = Vault count percentage of total count
                 A         B        C        D         E       F
            +---------+---------+-------+---------+---------+-------
      Total |     159 |      16 |   9.1 |      52 |       2 |   3.7
            +---------+---------+-------+---------+---------+-------
        D:1 |      35 |       0 |   0.0 |      18 |       0 |   0.0
        D:2 |      52 |      16 |  23.5 |      24 |       2 |   7.7
        D:3 |      72 |       0 |   0.0 |      10 |       0 |   0.0
            +---------+---------+-------+---------+---------+-------
